 Dungeon Crawl Stone Soup version 0.29.1-15-g9cfb28693d (webtiles) character file.

Game seed: 13658128156709655106

55 fleeber the Slasher (level 3, -2/28 HPs)
             Began as a Merfolk Gladiator on Feb 24, 2023.
             Slain by Sigmund
             ... wielding a +0 scythe
              (7 damage)
             ... on level 2 of the Dungeon.
             The game lasted 00:02:29 (1165 turns).

fleeber the Slasher (Merfolk Gladiator)             Turns: 1165, Time: 00:02:29

Health: -2/28      AC:  5    Str: 14    XL:     3   Next: 93%
Magic:  3/3        EV: 14    Int:  7    God:
Gold:   76         SH:  0    Dex: 17    Spells: 2/2 levels left

rFire   . . .      SeeInvis .   a - +0 long sword
rCold   . . .      Faith    .   (no shield)
rNeg    . . .      Spirit   .   b - +0 leather armour
rPois   .          Reflect  .   c - +0 helmet
rElec   .          Harm     .   (no cloak)
rCorr   .          Rampage  .   r - +0 pair of gloves
Will    .....                   (no boots)
Stlth   +.........              (no amulet)
HPRegen 0.09/turn               (no ring)
MPRegen 0.08/turn               (no ring)

@: no status effects
A: (nimble swimmer 2), mertail
a: no special abilities


You were on level 2 of the Dungeon.
You visited 1 branch of the dungeon, and saw 2 of its levels.

You collected 76 gold pieces.

Inventory:

Hand Weapons
 a - a +0 long sword (weapon)
Missiles
 d - 3 throwing nets
 e - a javelin
 k - 5 poisoned darts (quivered)
Armour
 b - a +0 leather armour (worn)
 c - a +0 helmet (worn)
 r - a +0 pair of gloves (worn)
Wands
 l - a wand of flame (11)
Scrolls
 f - 2 scrolls of fear {unknown}
 h - 3 scrolls of identify {unknown}
 j - 2 scrolls of enchant armour {unknown}
 n - a scroll of amnesia {unknown}
 q - a scroll of teleportation {unknown}
Potions
 g - a potion of berserk rage {unknown}
 i - a potion of might {unknown}
 m - a potion of haste {unknown}
 o - 2 potions of degeneration {unknown}
 p - a potion of attraction {unknown}


   Skills:
 + Level 2.9 Fighting
 * Level 4.7 Long Blades
 - Level 2.0 Throwing
 + Level 4.6 Dodging


You had 2 spell levels left.
You didn't know any spells.
Your spell library was empty.

Dungeon Overview and Level Annotations

Branches:
Dungeon (2/15)

Altars:

Shops:
D:1 *

Annotations:
D:2 Sigmund


Innate Abilities, Weirdness & Mutations

((You are very nimble when in or above water. (Stealth+, EV+, Speed+++)))
Your lower body shifts to a powerful aquatic tail in water.


Message History

Throw: 6 darts (poison)
Press: ? - help, Q - select action, (/) - cycle Shift-Dir - straight line, f/p - Sigmund
Aim: Sigmund, wielding a +0 scythe and wearing a +0 robe (lightly wounded, 58% to hit)
You throw a poisoned dart. The poisoned dart hits Sigmund.
Sigmund is poisoned.
Sigmund is lightly wounded.
Sigmund mumbles some strange words.
Sigmund flickers and vanishes!
Deactivating autopickup; reactivate with Ctrl-A.
A giant cockroach comes into view.
There is an open door here.
You see here a +0 dagger.
The giant cockroach barely misses you.
You barely miss the giant cockroach.
The giant cockroach bites you but does no damage.
You closely miss the giant cockroach. The giant cockroach misses you.
The giant cockroach bites you.
You hit the giant cockroach.
The giant cockroach is severely wounded.
The giant cockroach bites you but does no damage.
Something hits you but does no damage.
You hit the giant cockroach.
You kill the giant cockroach!
You hear some strange, mumbled words.
You are confused.
You bump into the rock wall.
Something hits you!
You miss something. Something hits you!
* * * LOW HITPOINT WARNING * * *
You hit something. Something hits you.
* * * LOW HITPOINT WARNING * * *
You bump into the rock wall.
You bump into the rock wall.
Something hits you but does no damage.
You bump into the rock wall.
Something hits you but does no damage.
You barely miss something.
You feel less confused.
You barely miss something. Something barely misses you.
You miss something. Something hits you.
* * * LOW HITPOINT WARNING * * *
You completely miss something. Something hits you but does no damage.
You barely miss something. Something hits you!
You die...

#......########.# #......# #.####
#......# #..... ########......#
#######. #.............# {B #.
###.........)...# .. #.
#...............# .# #.
#...........###### .# #.
+...........@{..># .# #.
#####.......|..#####)####.# #.
...........##### #.#....# #.
...........### #B#.#### #.
........#....# #.#.#########.
.....†..#....# #####.#...#.......
........#....# #.....###.#.##8.8#
....#####....# #.....{...#.##....
###.#####....###.....#####.....8.


There were no monsters in sight!

Vanquished Creatures
  Jessica (D:2)
  3 bats (D:1)
  2 endoplasms (D:2)
  A giant cockroach (D:2)
  2 goblins
  2 hobgoblins
  3 jackals (D:1)
  3 quokkas
  5 ball pythons
  A frilled lizard (D:2)
  A rat (D:2)
24 creatures vanquished.

Notes
Turn   | Place    | Note
-------+----------+-------------------------------------------
     0 | D:1      | fleeber the Merfolk Gladiator began the quest for the Orb.
     0 | D:1      | Reached XP level 1. HP: 16/16 MP: 1/1
    92 | D:1      | Found Jusilal's Assorted Antiques.
   221 | D:1      | Reached XP level 2. HP: 21/23 MP: 2/2
   684 | D:2      | Found a faded altar of an unknown god.
   754 | D:2      | Noticed Jessica
   762 | D:2      | Killed Jessica
   763 | D:2      | Reached XP level 3. HP: 19/28 MP: 3/3
  1126 | D:2      | Noticed Sigmund
  1165 | D:2      | Slain by Sigmund

Illustrated notes

Levels and vault maps discovered:
D:1:      lemuel_arrival_rhombus, layout_basic, serial_shops,
          nicolae_shop_behind_doors
D:2:      layout_basic, ebering_ecumenical_altar_ruins, basic_altar,
          uniq_sigmund, uniq_jessica

Skill      XL: |  1  2 |
---------------+-------+-----
Long Blades    | 4 |  4.7
Fighting       | |  2.9
Throwing       | |  2.0
Dodging        | |  4.6

Action                   || total
-------------------------++-------
Melee: Long sword        ||    67
Throw: Dart              ||     1
Evoke: Wand              ||     1
Armor: Leather armour    ||    20
Dodge: Dodged            ||    37
